 Dungeon Crawl Stone Soup version 0.32-a0-871-ge202e49faa (webtiles) character file.

Game seed: 12679387296408297496

195 smashvw the Covered (level 5, -7/47 HPs)
             Began as a Minotaur Fighter on Mar 30, 2024.
             Succumbed to a water moccasin's poison
             ... on level 4 of the Dungeon.
             The game lasted 00:05:03 (2104 turns).

smashvw the Covered (Minotaur Fighter)              Turns: 2104, Time: 00:05:03

Health: -7/47      AC:  9    Str: 22    XL:     5   Next: 45%
Magic:  4/4        EV:  8    Int:  5    God:
Gold:   166        SH:  0    Dex: 10    Spells: 4/4 levels left

rFire   . . .        a - +0 war axe
rCold   . . .        c - +0 buckler
rNeg    . . .        b - +0 scale mail
rPois   .            (helmet restricted)
rElec   .            k - +1 cloak
rCorr   .            (no gloves)
SInv    .            (no boots)
Will    .....        (no amulet) Stlth
                     (no ring)
HPRegen 0.27/turn    (no ring)
MPRegen 0.09/turn

%: no passive effects
@: confused, lethally poisoned (-7 -> -43)
A: horns 2, retaliatory headbutt
a: no special abilities


You were on level 4 of the Dungeon.
You visited 1 branch of the dungeon, and saw 4 of its levels.

You collected 166 gold pieces.

Inventory:

Hand Weapons
 a - a +0 war axe (weapon)
Missiles
 n - 6 poisoned darts (quivered)
Armour
 b - a +0 scale mail (worn)
 c - a +0 buckler (worn)
 k - a +1 cloak (worn)
Jewellery
 q - a ring of wizardry
Scrolls
 f - 2 scrolls of vulnerability {unknown}
 g - a scroll of summoning {unknown}
 h - 6 scrolls of teleportation {unknown}
 m - a scroll of enchant weapon {unknown}
 o - 3 scrolls of revelation {unknown}
 p - a scroll of enchant armour {unknown}
 r - a scroll of amnesia {unknown}
Potions
 d - a potion of might
 e - 3 potions of curing {unknown}
 i - a potion of ambrosia {unknown}
 j - 2 potions of degeneration {unknown}
 l - a potion of invisibility {unknown}
 s - a potion of attraction {unknown}


   Skills:
 + Level 4.8 Fighting
 + Level 4.1 Axes
 + Level 4.8 Armour
 + Level 4.8 Shields


You had 4 spell levels left.
You didn't know any spells.
Your spell library contained the following spells:

 Spells                   Type           Power      Damage    Failure   Level
 Magic Dart               Conj           0%         1d3       85%         1
 Searing Ray              Conj           0%         2d4       94%         2
 Fulminant Prism          Conj/Alch      0%         3d5       100%        4


Dungeon Overview and Level Annotations

Branches:
Dungeon (4/15)
 Temple: D:4-7

Altars:


Innate Abilities, Weirdness & Mutations

You have a pair of horns on your head.
You reflexively headbutt those who attack you in melee.


Message History

The water moccasin bites you but does no damage.
You barely miss the water moccasin.
The water moccasin is heavily wounded.
You barely miss something. You block the water moccasin's attack.
You hear some strange, mumbled words.
A puff of flame appears from out of thin air!
The puff of flame hits you. The water moccasin bites you.
You miss the water moccasin.
Your headbutt misses the water moccasin.
The water moccasin is heavily wounded.
You miss something.
You hear some strange, mumbled words.
A puff of flame appears from out of thin air!
The puff of flame misses you. The water moccasin bites you!
You are poisoned.
The water moccasin poisons you!
You hear some strange, mumbled words.
You are confused.
You feel very sick. The water moccasin bites you.
You are lethally poisoned!
The water moccasin poisons you!
You bump into the rock wall.
* * * LOW HITPOINT WARNING * * *
You feel extremely sick. The water moccasin barely misses you.
You hear some strange, mumbled words.
Something tries to affect you, but you resist.
You bump into the rock wall.
* * * LOW HITPOINT WARNING * * *
You feel very sick.
The water moccasin bites you but does no damage.
Something hits you but does no damage. The water moccasin bites you.
* * * LOW HITPOINT WARNING * * *
You are more poisoned.
The water moccasin poisons you!
You slash the water moccasin! You headbutt the water moccasin.
You kill the water moccasin!
You miss something.
You die...

........#.#....##..###.#####
..............†.#..........#
..........#.#........#
.............###......#
.............##...#####
...................#
.......###........## .....#
#..#.#...# ......##†@###..##
......).## ##.# ......).#
### .....#### ..#.# . #. . #


There were no monsters in sight!

Vanquished Creatures
  A water moccasin (D:4)
  A bombardier beetle (D:3)
  An orc priest (D:3)
  An orc wizard (D:4)
  An adder (D:2)
  A dart slug (D:1)
  2 ribbon worms (D:1)
  4 orcs
  5 ball pythons
  8 endoplasms
  10 giant cockroaches
  5 goblins
  8 hobgoblins
  7 jackals
  2 quokkas
  6 bats
  A frilled lizard (D:2)
  6 kobolds
  9 rats (D:1)
79 creatures vanquished.

Notes
Turn   | Place    | Note
-------+----------+-------------------------------------------
     0 | D:1      | smashvw the Minotaur Fighter began the quest for the Orb.
     0 | D:1      | Reached XP level 1. HP: 19/19 MP: 0/0
     2 | D:1      | Found a runed translucent door.
   119 | D:1      | Reached XP level 2. HP: 27/27 MP: 1/1
   554 | D:1      | Reached XP level 3. HP: 33/33 MP: 2/2
  1126 | D:2      | Reached XP level 4. HP: 38/41 MP: 3/3
  1905 | D:3      | Reached XP level 5. HP: 38/47 MP: 4/4
  2093 | D:4      | Noticed a water moccasin
  2103 | D:4      | HP: 2/47 [water moccasin (6)]
  2104 | D:4      | Killed a water moccasin
  2104 | D:4      | Succumbed to a water moccasin's poison

Illustrated notes

Levels and vault maps discovered:
D:1:      dpeg_arrival_caged_fury, layout_basic, minmay_misc_feat_diagonals,
          minmay_pentomino_r4
D:2:      layout_basic
D:3:      layout_rooms
D:4:      layout_cave_pools, amcnicky_altar_gilded, old_standard_altar

Skill      XL: |  1  2  3  4  5 |
---------------+----------------+-----
Shields        | 4 |  4.8
Fighting       | 4 |  4.8
Armour         | 4 |  4.8
Axes           | 3 4 |  4.1

Action                     |  1- 3 |  4- 6 || total
---------------------------+-------+-------++-------
  Melee: War axe           |    99 |    63 ||   162
         Headbutt          |    14 |     7 ||    21
 Armour: Scale mail        |    72 |    52 ||   124
  Dodge: Dodged            |    48 |    28 ||    76
  Block: Buckler           |    27 |    14 ||    41

Table legend: (Time is in decaauts)
 A = Elapsed time spent in this place.
 B = Non-inter-level travel time spent in this place.
 C = Inter-level travel time spent in this place.
 D = Time resting spent in this place.
 E = Time spent auto-exploring this place.
 F = Levels seen in this place.
 G = Mean time per level.
                   A        B        C        D        E       F      G
               +--------+--------+--------+--------+--------+-----+--------+
         Total |   2163 |   2128 |     35 |      0 |   1697 |   4 |  540.8 |
       Dungeon |   2163 |   2128 |     35 |      0 |   1697 |   4 |  540.8 |
               +--------+--------+--------+--------+--------+-----+--------+

Top non-repeatable levels by time:
     D:1: 913 daAuts
     D:2: 647 daAuts
     D:3: 508 daAuts
     D:4: 94 daAuts
